 Dungeon Sprint DCSS version 0.20-a0-277-g7db01f4 (webtiles) character file.

14603 FrancescoMac the Warrior (level 11, -31/114 HPs)
             Began as a Minotaur Abyssal Knight on Dec 13, 2016.
             Was the Champion of Lugonu.
             Annihilated by an orc knight
             ... wielding a +0 dire flail
              (36 damage)
             ... in the Dungeon (Sprint IX: "|||||||||||||||||||||||||||||").
             The game lasted 00:17:51 (2274 turns).

FrancescoMac the Warrior (Minotaur Abyssal Knight)  Turns: 2274, Time: 00:17:53

Health: -31/114    AC: 26    Str: 17    XL:     11   Next: 90%
Magic:  20/20      EV: 13    Int: 12    God:    Lugonu [******]
Gold:   1260       SH:  0    Dex: 16    Spells: 10/10 levels left

rFire  . . .     SeeInvis .     o - +2 dire flail (crush)
rCold  . . .     Gourm    .     p - +2 plate armour
rNeg   . . .     Faith    .     (shield currently unavailable)
rPois  .         Spirit   .     v - +0 hat
rElec  .         Reflect  .     C - +0 cloak
rCorr  .         Harm     .     D - +0 pair of gloves
MR     .....     NoTele   +     n - +2 pair of boots
Stlth  ..........               (no amulet)
                                q - +3 ring of intelligence
                                r - +3 ring of dexterity

@: exhausted, slowed, very slow
A: retaliatory headbutt, horns 2
a: Bend Space, Banish, Corrupt, Brand Weapon With Distortion, Renounce Religion


You were in the Dungeon.
You worshipped Lugonu.
Lugonu was exalted by your worship.
You were not hungry.

You visited 1 branch You collected 1260 gold pieces.

Inventory:

Hand Weapons
 a - a +1 mace
 o - a +2 dire flail of crushing (weapon)
Armour
 b - a +0 leather armour
 n - a +2 pair of boots (worn)
 p - a +2 plate armour (worn)
 s - a +0 pair of boots
 v - a +0 hat (worn)
 C - a +0 cloak (worn)
 D - a +0 pair of gloves (worn)
Jewellery
 q - a +3 ring of intelligence (right hand)
 r - a +3 ring of dexterity (left hand)
Wands
 m - a wand of lightning (2/15)
 y - a wand of acid (10/15)
 E - a wand of polymorph (6/24)
Scrolls
 i - 2 scrolls of blinking
 k - 4 scrolls of remove curse
 l - 2 scrolls of amnesia
 u - a scroll of identify
 w - a scroll of fear
Potions
 d - 5 potions of curing
 e - 2 potions of heal wounds
 f - 2 potions of haste
 g - 4 potions of magic
 h - a potion of invisibility
 t - a potion of brilliance
 x - a potion of might
 A - a potion of agility
Comestibles
 c - 13 bread rations
 z - 41 fruits
 B - 11 meat rations


   Skills:
 + Level 16.0 Fighting
 + Level 15.8 Maces & Flails
 + Level 15.9 Armour
 + Level 14.4 Dodging
 + Level 13.6 Invocations


You had 10 spell levels left.
You didn't know any spells.

Dungeon Overview and Level Annotations

Branches:
Dungeon (1/1)

Altars:
Cheibriados
Dithmenos
Elyvilon
Fedhas
Gozag
Hepliaklqana
Kikubaaqudgha
Makhleb
Nemelex Xobeh
Okawaru
Qazlal
Ru
Sif Muna
Trog
Uskayaw
Vehumet
Xom
Yredelemnul
Zin
The Shining One
Beogh
Jiyva
Lugonu

Shops:
D [!

Annotations:
D corrupted


Innate Abilities, Weirdness & Mutations

You reflexively headbutt those who attack you in melee.
You have a pair of horns on your head.


Message History

Things that are here:
a battleaxe; a chain mail; 50 gold pieces You sock the orc knight!
You headbutt the orc knight!
The orc knight is moderately wounded.
You sock the orc knight!
The orc knight is moderately wounded.
You hit the orc knight but do no damage.
The orc knight is moderately wounded.
The orc knight hits you with a dire flail!
* * * LOW HITPOINT WARNING * * *
You closely miss the orc knight.
You headbutt the orc knight, but do no damage.
The orc knight is moderately wounded.
You closely miss the orc knight.
The orc knight is moderately wounded.
You are no longer berserk.
You are exhausted.
You feel yourself slow down.
The orc knight hits you with a dire flail!!!
You die...

▓)▓.▓.▓.▓_▓
▓)▓.▓.▓.▓_▓
▓)▓.▓.▓.▓_▓
▓.▓.▓.▓.▓_▓
▓)▓†▓'▓.▓_▓
▓.▓.▓.▓.▓_▓
▓)▓.▓.▓.▓_▓
▓)▓.▓.▓.▓_▓
▓@▓.▓.▓.▓_▓
▓o▓.▓.▓.▓_▓
▓o▓.▓.▓.▓_▓
▓o▓.▓.▓.▓_▓
▓o▓.▓.▓.▓_▓
▓)▓.▓.▓.▓_▓
▓)▓.▓'▓.▓_▓
▓)▓.▓.▓.▓_▓
▓.▓.▓.▓.▓_▓


You could see an orc knight and 3 orc warriors.

Vanquished Creatures
  Gastronok (D)
  A dire elephant (D)
  Erolcha (D)
  An orc high priest (D)
  An unseen horror (D)
  7 orc knights (D)
  7 elephants (D)
  Psyche (D)
  A spiny frog (D)
  4 komodo dragons (D)
  A troll (D)
  A hippogriff (D)
  2 yaks (D)
  5 water moccasins (D)
  An ice beast (D)
  A porcupine (D)
  11 orc warriors (D)
  2 ogres (D)
  A centaur (D)
  3 crocodiles (D)
  2 bullfrogs (D)
  A killer bee (D)
  A howler monkey (D)
  A crimson imp (D)
  2 jellies (D)
  5 orc wizards (D)
  3 orc priests (D)
  A hell rat (D)
  An adder (D)
  An ooze (D)
  2 adder skeletons (D)
  A dart slug (D)
  4 orcs (D)
  A bat (D)
  A giant cockroach (D)
  A rat (D)
81 creatures vanquished.

Notes
Turn   | Place    | Note
-------+----------+-------------------------------------------
     0 | D        | FrancescoMac the Minotaur Abyssal Knight began the quest for the Orb.
     0 | D        | Reached XP level 1. HP: 19/19 MP: 1/1
     9 | D        | Reached ** piety under Lugonu
     9 | D        | Reached skill level 4 in Fighting
    15 | D        | Reached XP level 2. HP: 25/27 MP: 2/2
    31 | D        | Noticed an ogre
    31 | D        | Noticed an ice beast
    33 | D        | Reached *** piety under Lugonu
    36 | D        | Killed an ogre
    36 | D        | Reached skill level 5 in Fighting
    36 | D        | Reached skill level 5 in Maces & Flails
    36 | D        | Reached skill level 5 in Armour
    36 | D        | Reached XP level 3. HP: 37/37 MP: 2/5
    36 | D        | Reached XP level 4. HP: 44/44 MP: 2/6
    40 | D        | Reached skill level 6 in Fighting
    44 | D        | Killed an ice beast
    44 | D        | Reached **** piety under Lugonu
    44 | D        | Reached skill level 7 in Fighting
    44 | D        | Reached skill level 5 in Dodging
    44 | D        | Reached skill level 5 in Invocations
    44 | D        | Reached XP level 5. HP: 52/52 MP: 2/8
   102 | D        | Found a roughly hewn altar of Beogh.
   102 | D        | Found a snail-covered altar of Cheibriados.
   102 | D        | Found a shadowy altar of Dithmenos.
   102 | D        | Found a white marble altar of Elyvilon.
   102 | D        | Found a blossoming altar of Fedhas.
   102 | D        | Found an opulent altar of Gozag.
   103 | D        | Found a hazy altar of Hepliaklqana.
   104 | D        | Found a viscous altar of Jiyva.
   105 | D        | Found an ancient bone altar of Kikubaaqudgha.
   106 | D        | Found a corrupted altar of Lugonu.
   107 | D        | Found a burning altar of Makhleb.
   108 | D        | Found a sparkling altar of Nemelex Xobeh.
   109 | D        | Found an iron altar of Okawaru.
   110 | D        | Found a stormy altar of Qazlal.
   111 | D        | Found a sacrificial altar of Ru.
   112 | D        | Found a deep blue altar of Sif Muna.
   113 | D        | Found a bloodstained altar of Trog.
   114 | D        | Found a hide-covered altar of Uskayaw.
   115 | D        | Found a radiant altar of Vehumet.
   116 | D        | Found a shimmering altar of Xom.
   117 | D        | Found a basalt altar of Yredelemnul.
   118 | D        | Found a glowing silver altar of Zin.
   119 | D        | Found a glowing golden altar of the Shining One.
   174 | D        | Noticed an ogre
   174 | D        | Noticed a centaur
   183 | D        | Killed an ogre
   183 | D        | Reached skill level 8 in Fighting
   183 | D        | Reached XP level 6. HP: 34/61 MP: 9/9
   196 | D        | Reached ***** piety under Lugonu
   349 | D        | Noticed a water moccasin
   349 | D        | Noticed a troll
   349 | D        | Noticed a yak
   355 | D        | Killed a water moccasin
   355 | D        | Reached skill level 9 in Fighting
   355 | D        | Reached XP level 7. HP: 70/70 MP: 11/11
   360 | D        | Killed a troll
   369 | D        | Killed an unseen horror
   369 | D        | Reached skill level 10 in Fighting
   369 | D        | Reached skill level 10 in Maces & Flails
   369 | D        | Reached skill level 10 in Armour
   369 | D        | Reached XP level 8. HP: 32/81 MP: 11/13
   752 | D        | Noticed a komodo dragon
   752 | D        | Noticed a komodo dragon
   755 | D        | Noticed a spiny frog
   756 | D        | Reached skill level 11 in Fighting
   766 | D        | Killed a komodo dragon
   766 | D        | Reached XP level 9. HP: 87/89 MP: 13/15
   770 | D        | Reached ****** piety under Lugonu
   770 | D        | Reached skill level 10 in Dodging
   783 | D        | Killed a komodo dragon
   786 | D        | Killed a spiny frog
   786 | D        | Reached skill level 12 in Fighting
   786 | D        | Reached skill level 10 in Invocations
   899 | D        | Noticed a komodo dragon
   901 | D        | Noticed a komodo dragon
   922 | D        | Killed a komodo dragon
   926 | D        | Killed a komodo dragon
   926 | D        | Reached XP level 10. HP: 57/100 MP: 15/17
  1097 | D        | Noticed an elephant
  1097 | D        | Noticed an elephant
  1097 | D        | Noticed an elephant
  1097 | D        | Noticed an elephant
  1097 | D        | Noticed an elephant
  1097 | D        | Noticed a dire elephant
  1102 | D        | Killed an elephant
  1102 | D        | Reached skill level 13 in Fighting
  1106 | D        | Killed an elephant
  1108 | D        | Noticed an elephant
  1109 | D        | Killed an elephant
  1112 | D        | Killed a dire elephant
  1116 | D        | Killed an elephant
  1120 | D        | Killed an elephant
  1130 | D        | Killed an elephant
  1130 | D        | Reached skill level 14 in Fighting
  1139 | D        | Noticed an elephant
  1331 | D        | Killed an elephant
  1413 | D        | Noticed Erolcha
  1415 | D        | Noticed Psyche
  1422 | D        | Killed Erolcha
  1422 | D        | Reached XP level 11. HP: 87/111 MP: 19/19
  1428 | D        | Killed Psyche
  1563 | D        | Noticed Gastronok
  1578 | D        | Killed Gastronok
  1648 | D        | Noticed an orc high priest
  1648 | D        | Reached skill level 15 in Fighting
  1670 | D        | Corrupted D
  1679 | D        | Killed an orc high priest
  1679 | D        | Reached skill level 15 in Armour
  1934 | D        | Noticed an orc knight
  1944 | D        | Noticed an orc knight
  1946 | D        | Reached skill level 15 in Maces & Flails
  1954 | D        | Killed an orc knight
  1956 | D        | Noticed an orc knight
  1972 | D        | Killed an orc knight
  1988 | D        | Killed an orc knight
  2213 | D        | Found Xexyev's Antique Armour Emporium.
  2213 | D        | Noticed an orc knight
  2213 | D        | Noticed an orc knight
  2213 | D        | Noticed an orc knight
  2215 | D        | Noticed an orc knight
  2221 | D        | Noticed an orc knight
  2225 | D        | Killed an orc knight
  2226 | D        | Found Ulunluzu's Distillery.
  2260 | D        | Killed an orc knight
  2264 | D        | Killed an orc knight
  2268 | D        | Killed an orc knight
  2268 | D        | Reached skill level 16 in Fighting
  2272 | D        | HP: 7/171 [orc knight/dire flail (7)]
  2274 | D        | Annihilated by an orc knight

Vault maps used:
D:        linesprint

Skill      XL: |  1  2  3  4  5  6  7  8  9 10 11 |
---------------+----------------------------------+-----
Invocations    | 2 4 5 6 7 8 9 10 12 13 | 13.6
Fighting       | 4 5 7 8 9 10 11 12 14 16 | 16.0
Maces & Flails | 3 5 6 7 8 10 11 12 14 15 | 15.8
Armour         | 3 5 6 7 8 10 11 12 14 15 | 15.9
Dodging        | 2 4 5 6 7 9 11 12 14 | 14.4

Action                   |  1- 3 |  4- 6 |  7- 9 | 10-12 || total
-------------------------+-------+-------+-------+-------++-------
Melee: Mace              |    15 |     7 |       |       ||    22
       Headbutt          |     1 |     4 |    18 |    59 ||    82
       Dire flail        |       |    24 |    94 |   213 ||   331
Invok: Corrupt           |       |       |       |     1 ||     1
Evoke: Wand              |       |       |       |     6 ||     6
  Use: Potion            |     1 |       |     2 |     3 ||     6
       Scroll            |       |       |     4 |       ||     4
  Eat: Chunk             |       |       |       |     2 ||     2
       Meat ration       |       |       |       |     1 ||     1
Armor: Leather armour    |     6 |     3 |     2 |       ||    11
       Plate armour      |       |       |    27 |    42 ||    69
Dodge: Dodged            |    10 |    17 |    37 |    58 ||   122
